 Dungeon Crawl Stone Soup version 0.25.1-2-g60ff931df9 (webtiles) character file.

Game seed: 13295644923711611729

88 lorenzova the Conjurer (level 4, -1/24 HPs)
             Began as a Deep Elf Conjurer on Oct 14, 2020.
             Splashed by Ijyb's acid (13 damage)
             ... on level 3 of the Dungeon.
             The game lasted 00:02:43 (1924 turns).

lorenzova the Conjurer (Deep Elf Conjurer)          Turns: 1924, Time: 00:02:45

Health: -1/24      AC: -2    Str:  5    XL:     4   Next: 30%
Magic:  10/12      EV: 13    Int: 21    God:
Gold:   105        SH:  5    Dex: 15    Spells: 9/12 levels left

rFire    . . .     SeeInvis .   e - +0 short sword (elec)
rCold    . . .     Gourm    .   (no shield)
rNeg     . . .     Faith    .   a - +0 robe
rPois    .         Spirit   .   (no helmet)
rElec    .         Reflect  +   (no cloak)
rCorr    .         Harm     .   (no gloves)
MR       .....                  (no boots)
Stlth    ++........             g - amulet of reflection
HPRegen  0.08/turn              (no ring)
MPRegen  0.13/turn              (no ring)

@: corroded
A: no striking features
a: no special abilities


You were on level 3 of the Dungeon.
You were not hungry.

You visited 1 branch of the dungeon, and saw 3 of its levels.

You collected 105 gold pieces.

Inventory:

Hand Weapons
 e - a +0 short sword of electrocution (weapon)
Armour
 a - a +0 robe (worn)
Jewellery
 g - an amulet of reflection (around neck)
Scrolls
 j - a scroll of enchant weapon {unknown}
 l - 2 scrolls of remove curse
Potions
 b - a potion of flight {unknown}
 d - 2 potions of magic {unknown}
 f - a potion of might {unknown}
 h - 2 potions of cancellation {unknown}
 i - a potion of lignification {unknown}
 k - 2 potions of curing {unknown}
Comestibles
 c - 2 rations


   Skills:
 - Level 2.4 Dodging
 - Level 2.4 Stealth
 + Level 4.9 Spellcasting
 + Level 5.5 Conjurations


You had 9 spell levels left.
You knew the following spells:

 Your Spells              Type           Power        Failure   Level  Hunger
a - Magic Dart            Conj           ####         1%          1    None
b - Searing Ray           Conj           ####..       1%          2    None

Your spell library contained the following spells:

 Spells                   Type           Power        Failure   Level  Hunger
 Dazzling Flash           Conj/Hex       ###...       11%         3    ##.....
 Fulminant Prism          Conj/Hex       ###.......   34%         4    ####...
 Iskenderun's Mystic Bla  Conj/Tloc      ###.....     34%         4    ####...


Dungeon Overview and Level Annotations

Branches:
Dungeon (3/15)

Altars:
Dithmenos

Annotations:
D:3 Ijyb


Message History

Eating a chunk of flesh.
You eat the chunk of flesh.
This raw flesh tastes terrible.
f - a fizzy coppery potion Ijyb the Twisted Goblin comes into view.
She is carrying a wand of acid (8).
Found 11 gold pieces.
Ijyb is nearby!
Ijyb is nearby!
Casting: Magic Dart (safe; 1% risk of failure)
Confirm with . or Enter, or press ? or * to list all spells.
Aiming: Searing Ray (safe; 1% risk of failure)
Press: ? - help, Shift-Dir - straight line, f - Ijyb
Aim: Ijyb, wearing a +0 scale mail and carrying a wand of acid (8) (asleep)
The searing ray hits Ijyb!
Ijyb is moderately wounded. (Press . to maintain the ray.) Ijyb zaps a wand.
The bolt of acid hits you!
Ouch! That really hurt!
The acid corrodes you!
You are splashed with acid!
Ouch! That really hurt!
You die...

###########.#####
#......##.รท.....#
#...............#
#........(......###
#..................
#####..........####
#..........#
#..........#
#####+#@####
#.....g#
###.##$.... ..#
.... ##. ... . .. .
# .#


You could see Ijyb.

Vanquished Creatures
  3 adders
  An ooze (D:2)
  2 worms (D:2)
  3 dart slugs
  A leopard gecko (D:2)
  5 giant cockroaches
  2 goblins
  7 hobgoblins
  5 bats
  2 frilled lizards
  9 kobolds
  6 rats
46 creatures vanquished.

Notes
Turn   | Place    | Note
-------+----------+-------------------------------------------
     0 | D:1      | lorenzova the Deep Elf Conjurer began the quest for the
                  | Orb.
     0 | D:1      | Reached XP level 1. HP: 10/10 MP: 6/6
   202 | D:1      | Reached XP level 2. HP: 15/15 MP: 1/8
   970 | D:2      | Reached skill level 5 in Conjurations
   970 | D:2      | Reached XP level 3. HP: 19/19 MP: 4/10
   974 | D:2      | Learned a level 2 spell: Searing Ray
  1184 | D:2      | Found a shadowy altar of Dithmenos.
  1429 | D:2      | Reached XP level 4. HP: 24/24 MP: 9/12
  1923 | D:3      | Noticed Ijyb
  1924 | D:3      | Splashed by Ijyb's acid

Illustrated notes

Levels and vault maps discovered:
D:1:      mushboom_english_gardens, layout_loops_ring
D:2:      layout_rooms, nicolae_overflow_hidden_temple
D:3:      layout_basic, old_standard_altar, uniq_ijyb

Skill      XL: |  1  2 |
---------------+-------+-----
Spellcasting   | 4 |  4.9
Conjurations   | 5 |  5.5
Dodging        | |  2.4
Stealth        | |  2.4

Action                   |  1- 3 |  4- 6 || total
-------------------------+-------+-------++-------
Melee: Unarmed           |     7 |       ||     7
 Cast: Magic Dart        |    74 |    18 ||    92
       Searing Ray       |       |     3 ||     3
  Use: Scroll            |     2 |     1 ||     3
  Eat: Chunk             |     1 |     2 ||     3
Armor: Robe              |     3 |     5 ||     8
Dodge: Dodged            |    10 |     7 ||    17
Block: Other             |       |     7 ||     7
